 Dungeon Sprint DCSS version 0.28-a0-206-gc2c9e32840 (webtiles) character file.

Game seed: 13747354275682061745

1245 MikeHunt the Grappler (level 8, 0/70 HPs)
             Began as a Ghoul Fighter on Aug 20, 2021.
             Was a Priest of Cheibriados.
             Killed from afar by an efreet (9 damage)
             ... with a bolt of fire
             ... while petrified by a catoblepas
             ... in the Dungeon (Sprint IX: "|||||||||||||||||||||||||||||").
             The game lasted 00:02:26 (344 turns).

MikeHunt the Grappler (Ghoul Fighter)                Turns: 344, Time: 00:02:27

Health: 0/70       AC: 11    Str: 28    XL:     8   Next: 50%
Magic:  7/7        EV:  2    Int: 11    God:    Cheibriados [***...]
Gold:   0          SH:  0    Dex: 24    Spells: 7/7 levels left

rFire   . . .      SeeInvis .     - Unarmed
rCold   + . .      Faith    .   b - +0 kite shield
rNeg    + + +      Spirit   .   m - +2 ring mail
rPois   ∞          Reflect  .   (no helmet)
rElec   .          Harm     .   (no cloak)
rCorr   .          Rampage  .   k - +0 pair of gloves
Will    .....      NoTele   +   l - +0 pair of boots
Stlth   +.........              (no amulet)
HPRegen 0.00/turn               a - +3 ring of dexterity
MPRegen 0.10/turn               n - +3 ring of dexterity

@: mighty, petrified, very slightly contaminated, inhibited regen, very slow
A: claws 1, cold resistance 1, negative energy resistance 3, inhibited
regeneration, torment resistance 2
a: Renounce Religion, Bend Time, Temporal Distortion


You were in the Dungeon.
You worshipped Cheibriados.
Cheibriados was most pleased with you.
You visited 1 branch

Inventory:

Armour
 b - a +0 kite shield (worn)
 k - a +0 pair of gloves (worn)
 l - a +0 pair of boots (worn)
 m - a +2 ring mail (worn)
 o - a +0 troll leather armour
Jewellery
 a - a +3 ring of dexterity (left hand)
 n - a +3 ring of dexterity (right hand)
Wands
 j - a wand of iceblast (5) (quivered)
Scrolls
 h - a scroll of blinking
Potions
 d - 5 potions of curing
 e - a potion of heal wounds
 f - a potion of haste
 g - 4 potions of magic


   Skills:
 + Level 6.2 Fighting
 + Level 8.6 Armour
 + Level 7.7 Dodging
 - Level 2.6 Shields
 - Level 11.2 Unarmed Combat
 - Level 7.0 Evocations


You had 7 spell levels left.
You didn't know any spells.
Your spell library was empty.

Dungeon Overview and Level Annotations

Branches:
Dungeon (1/1)

Altars:
Cheibriados
Dithmenos
Elyvilon
Fedhas
Gozag
Hepliaklqana
Kikubaaqudgha
Makhleb
Nemelex Xobeh
Okawaru
Qazlal
Ru
Sif Muna
Trog
Uskayaw
Vehumet
Wu Jian
Xom
Yredelemnul
Zin
The Shining One
Beogh
Jiyva
Lugonu


Innate Abilities, Weirdness & Mutations

You thrive by killing the living.
You are immune to poison.
You have sharp fingernails.
Your flesh is cold resistant. (rC+)
You are immune to negative energy. (rN+++)
You do not regenerate when monsters are visible.
You are immune to unholy pain and torment.


Message History

The catoblepas is heavily wounded.
The efreet gestures at you.
The fireball explodes!
The fireball engulfs the orc wizard!!
The orc wizard dies!
The fireball engulfs the catoblepas!!
The fireball engulfs the efreet.
The efreet completely resists.
The catoblepas gores you!
Your limbs are stiffening.
Unknown command.
You hit the catoblepas but do no damage.
The catoblepas is severely wounded.
Your limbs have turned to stone.
The catoblepas breathes a plume of calcifying dust at you.
The blast of calcifying dust hits you! The catoblepas gores you.
The efreet gestures at the catoblepas.
The fireball explodes!
The fireball engulfs the catoblepas!!
The catoblepas dies!
The fireball engulfs you!
You have turned to stone.
Training target 7.0 for Evocations reached!
Your Fighting skill increases to level 6!
Your Dodging skill increases to level 7!
Your Evocations skill increases to level 7!
The efreet gestures at you. The bolt of fire hits you!
You flicker back into view.
The efreet gestures at you. The bolt of fire hits you!!
* * * LOW HITPOINT WARNING * * *
The efreet hits you with a +1 scimitar of flaming.
* * * LOW HITPOINT WARNING * * *
The efreet burns you.
* * * LOW HITPOINT WARNING * * *
The efreet hits you but does no damage. The efreet barely misses you.
The efreet hits you with a +1 scimitar of flaming!
* * * LOW HITPOINT WARNING * * *
The efreet burns you. The efreet gestures at you. The bolt of fire hits you!!
You die... ▓▓▓▓▓▓▓▓▓▓▓▓▓▓▓▓▓▓▓▓▓▓▓▓ '.?)..)[†.'))...@RCu.... ▓▓▓▓▓▓▓▓▓▓▓▓▓▓▓▓▓▓▓▓▓▓▓▓

You could see a red ugly thing, a cyclops and an efreet.

Vanquished Creatures
  A cyclops (D)
  A troll (D)
  A yak (D)
  A centaur (D)
  A kobold brigand (D)
  A gnoll sergeant (D)
  A howler monkey (D)
  An adder skeleton (D)
  A dart slug (D)
  An orc (D)
  A bat skeleton (D)
  A bat zombie (D)
  A giant cockroach (D)
  A goblin (D)
  A jackal (D)
  A bat (D)
  A frilled lizard (D)
17 creatures vanquished.

Vanquished Creatures (others)
  A catoblepas (D)
  An orc wizard (D)
2 creatures vanquished.

Grand Total: 19 creatures vanquished

Notes
Turn   | Place    | Note
-------+----------+-------------------------------------------
     0 | D        | MikeHunt the Ghoul Fighter began the quest for the Orb.
     0 | D        | Reached XP level 1. HP: 19/19 MP: 0/0
     8 | D        | Reached skill level 3 in Unarmed Combat
    17 | D        | Reached skill level 4 in Unarmed Combat
    17 | D        | Reached XP level 2. HP: 24/26 MP: 1/1
    45 | D        | Found a snail-covered altar of Cheibriados.
    45 | D        | Found a shadowy altar of Dithmenos.
    45 | D        | Found a blossoming altar of Fedhas.
    45 | D        | Found an opulent altar of Gozag.
    46 | D        | Found a hazy altar of Hepliaklqana.
    47 | D        | Found a viscous altar of Jiyva.
    48 | D        | Found an ancient bone altar of Kikubaaqudgha.
    49 | D        | Became a worshipper of Cheibriados the Contemplative
    50 | D        | Found a corrupted altar of Lugonu.
    51 | D        | Found a burning altar of Makhleb.
    52 | D        | Found a sparkling altar of Nemelex Xobeh.
    53 | D        | Found an iron altar of Okawaru.
    54 | D        | Found a stormy altar of Qazlal.
    55 | D        | Found a sacrificial altar of Ru.
    56 | D        | Found a shimmering blue altar of Sif Muna.
    57 | D        | Found a bloodstained altar of Trog.
    58 | D        | Found a hide-covered altar of Uskayaw.
    59 | D        | Found a radiant altar of Vehumet.
    60 | D        | Found an ornate altar of the Wu Jian Council.
    61 | D        | Found a shimmering altar of Xom.
    62 | D        | Found a basalt altar of Yredelemnul.
   114 | D        | Noticed a gnoll sergeant
   114 | D        | Noticed a centaur
   114 | D        | Noticed a yak
   114 | D        | Noticed a howler monkey
   114 | D        | Noticed a troll
   114 | D        | Noticed a kobold brigand
   117 | D        | Killed a centaur
   118 | D        | Reached skill level 7 in Unarmed Combat
   118 | D        | Reached XP level 3. HP: 18/31 MP: 2/2
   118 | D        | Reached XP level 4. HP: 22/38 MP: 3/3
   119 | D        | Killed a gnoll sergeant
   119 | D        | Reached * piety under Cheibriados
   120 | D        | Reached skill level 5 in Armour
   120 | D        | Reached skill level 8 in Unarmed Combat
   120 | D        | Reached XP level 5. HP: 26/45 MP: 4/4
   132 | D        | Killed a yak
   132 | D        | Reached ** piety under Cheibriados
   133 | D        | Reached skill level 9 in Unarmed Combat
   133 | D        | Reached XP level 6. HP: 35/51 MP: 5/5
   143 | D        | Killed a troll
   143 | D        | Reached *** piety under Cheibriados
   144 | D        | Reached skill level 5 in Dodging
   144 | D        | Reached skill level 10 in Unarmed Combat
   144 | D        | Reached skill level 5 in Evocations
   144 | D        | Reached XP level 7. HP: 20/57 MP: 6/6
   148 | D        | Reached skill level 11 in Unarmed Combat
   323 | D        | Noticed a cyclops
   323 | D        | Noticed a catoblepas
   323 | D        | Noticed an efreet
   323 | D        | Noticed a cyclops
   323 | D        | Noticed a red ugly thing
   331 | D        | Killed a cyclops
   332 | D        | Reached skill level 5 in Fighting
   332 | D        | Reached XP level 8. HP: 68/68 MP: 7/7
   335 | D        | Killed a catoblepas
   344 | D        | Killed from afar by an efreet

Illustrated notes

Levels and vault maps discovered:
D:        linesprint [early_d, line_temple, items_1, d_10, items_2, lair_1,
          lair_end, items_3, orc_1, orc_end, items_4, d_15, swamp_1, shoals_1,
          snake_1, spider_1, d_20, vaults_1, items_5, swamp_end, shoals_end,
          snake_end, spider_end, vaults_end, d_27, items_6, zot_1, zot_end,
          crypt_end, forest_end, elf_end, slime_end, tomb_end, abyss_end,
          pan_hell_end]

Skill      XL: |  1  2  3  4  5  6  7  8 |
---------------+-------------------------+-----
Armour         | 3 4 5 6 7 8 |  8.6
Unarmed Combat | 4 7 8 9 10 11 | 11.2
Dodging        | 2 3 4 5 6 7 |  7.7
Evocations     | 2 3 4 5 6 7 |  7.0
Fighting       | 5 6 |  6.2
Shields        | |  2.6

Action                   |  1- 3 |  4- 6 |  7- 9 || total
-------------------------+-------+-------+-------++-------
Melee: Unarmed           |    24 |    18 |    12 ||    54
Evoke: Wand              |     3 |     2 |       ||     5
  Use: Potion            |       |     2 |     2 ||     4
       Scroll            |       |     1 |       ||     1
 Stab: Invisible         |       |       |     1 ||     1
Armor: Scale mail        |     9 |       |       ||     9
       Ring mail         |       |     8 |     5 ||    13
Dodge: Dodged            |     7 |     7 |     1 ||    15
Block: Kite shield       |    11 |     8 |     2 ||    21

Table legend: (Time is in decaauts)
 A = Elapsed time spent in this place.
 B = Non-inter-level travel time spent in this place.
 C = Inter-level travel time spent in this place.
 D = Time resting spent in this place.
 E = Time spent auto-exploring this place.
 F = Levels seen in this place.
 G = Mean time per level.
                   A        B        C        D        E       F      G
               +--------+--------+--------+--------+--------+-----+--------+
         Total |    368 |    368 |      0 |    163 |      0 |   1 |  368.0 |
       Dungeon |    368 |    368 |      0 |    163 |      0 |   1 |  368.0 |
               +--------+--------+--------+--------+--------+-----+--------+

Top non-repeatable levels by time:
       D: 368 daAuts
